 Dungeon Crawl Stone Soup version 0.13.1-2-gfb2c2b7 (webtiles) character file.

450 Piginabag the Stinger (level 6, -4/49 HPs)
             Began as a Naga Venom Mage on Dec 4, 2013.
             Slain by an ogre
             ... wielding a +0,+0 great mace
              (23 damage)
             ... on Level 4 of the Dungeon.
             The game lasted 00:16:52 (2993 turns).

Piginabag the Stinger (Naga Venom Mage)             Turns: 2993, Time: 00:16:52

HP  -4/49        AC  7     Str 10      XL: 6   Next: 28%
MP  11/12        EV  8     Int 16      God:
Gold 167         SH  0     Dex 13      Spells:  2 memorised,  6 levels left

Res.Fire  : . . .   See Invis. : +   h - +1,+4 whip
Res.Cold  : . . .   Warding    : .   a - +0 robe
Life Prot.: . . .   Conserve   : .   (no shield)
Res.Poison: +       Res.Corr.  : .   (no helmet)
Res.Elec. : .       Clarity    : .   (no cloak)
Sust.Abil.: . .     Spirit.Shd : .   (no gloves)
Res.Mut.  : .       Stasis     : .   f - +0 naga barding
Res.Rott. : .       Flight     : .   (no amulet)
Saprovore : . . .                    (no ring)
                                     (no ring)

@: very slow, somewhat resistant to hostile enchantments, stealthy
A: spit poison, see invisible, deformed body, poison resistance, slowness 2, AC
+2
a: Spit Poison


You were on level 4 of the Dungeon.
You were not hungry.

You visited 1 branch of the dungeon, and saw 4 of its levels.

You collected 147 gold pieces.

Inventory:

Hand weapons
 h - a +1,+4 whip (weapon)
Armour
 a - a +0 robe (worn)
 f - a +0 naga barding (worn)
Magical devices
 k - a wand of random effects (22) {unknown}
Comestibles
 c - 2 bread rations
 g - a meat ration
 w - a chunk of giant frog flesh
Scrolls
 e - 3 scrolls of curse jewellery {unknown}
 o - a scroll of remove curse {unknown}
 u - a scroll of identify {unknown}
 v - a scroll of magic mapping {unknown}
Jewellery
 l - an uncursed amulet of conservation {unknown}
 p - an uncursed ring of protection from magic {unknown}
Potions
 d - a potion of degeneration {unknown}
 i - a potion of curing
 j - a potion of slowing {unknown}
 m - 2 potions of paralysis {unknown}
 n - 3 potions of heal wounds {unknown}
 q - a potion of brilliance {unknown}
 r - a potion of agility {unknown}
 s - a potion of resistance {unknown}
Books
 b - a Young Poisoner's Handbook

   Spells                             Type                      Level
   *Sting                             Conjuration/Poison           1
   Cure Poison                        Poison                       2
   *Mephitic Cloud                    Conjuration/Poison/Air       3
   Olgreb's Toxic Radiance            Poison                       4
   Venom Bolt                         Conjuration/Poison           5


   Skills:
 + Level 0.2 Maces & Flails
 + Level 2.7 Dodging
 + Level 3.2 Stealth
 + Level 0.2 Unarmed Combat
 + Level 2.6 Spellcasting
 + Level 2.5 Conjurations
 + Level 6.9 Poison Magic


You had 6 spell levels left.
You knew the following spells:

 Your Spells              Type           Power        Failure   Level  Hunger
a - Sting                 Conj/Pois      ###.         3%          1    #......
b - Mephitic Cloud        Conj/Pois/Air  ##......     17%         3    ###....


Dungeon Overview and Level Annotations

Branches:
Dungeon (4/27)
 Temple: D:4-7

Altars:


Innate Abilities, Weirdness & Mutations

You cannot wear boots.
You can spit poison.
Your serpentine skin is tough (AC +2).
You have supernaturally acute eyesight.
Armour fits poorly on your strangely shaped body.
Your system is resistant to poisons.
You cover ground very slowly.


Message History

You see here a poisoned needle.
Casting: Sting
Confirm with . or Enter, or press ? or * to list all spells.
Aiming: Sting
Press: ? - help, Shift-Dir - straight line, f/p - ogre
Aim: an ogre, wielding a great mace (moderately wounded)
The sting hits the ogre.
The ogre is heavily wounded.
The ogre hits you with a great mace!
* * * LOW HITPOINT WARNING * * *
The kobold shoots a poisoned needle.
The poisoned needle misses you.
Drink which item? (? for menu, Esc to quit)
Okay, then.
Read which item? (? for menu, Esc to quit)
Okay, then.
Drink which item? (? for menu, Esc to quit)
You feel better.
It was a potion of curing.
The kobold shoots a poisoned needle.
The poisoned needle misses you. The ogre hits you with a great mace!
You die...

#.# #.#
#################.######..
.........%......%.).......#
#######.).................
###'#########.######.#
#.......# #.#
#.......#####.#
#...O@..'...#.#
#...(...###.#.# ###..(....#
#.# #...(.....# #.#
##..(......# #.#
#..........# #.#
#.###.###### #.# #.#!#K#
#.# #.###.# #.#


You could see an ogre and a kobold.

Vanquished Creatures
  A phantom (D:3)
  A giant frog (D:4)
  An orc wizard (D:4)
  2 adders
  3 worms
  An ooze (D:1)
  3 orcs (D:4)
  2 ball pythons (D:2)
  6 bats
  4 giant cockroaches
  6 hobgoblins
  6 jackals
  4 giant geckos
  3 giant newts
  9 goblins
  A hobgoblin skeleton (D:4)
  9 kobolds
  2 quokkas
  8 rats
72 creatures vanquished.

Notes
Turn   | Place    | Note
--------------------------------------------------------------
     0 | D:1      | Piginabag, the Naga Venom Mage, began the quest for the Orb.
     0 | D:1      | Reached XP level 1. HP: 15/15 MP: 3/3
   390 | D:1      | Reached XP level 2. HP: 19/22 MP: 0/4
   805 | D:1      | Reached skill level 6 in Poison Magic
   917 | D:2      | Reached XP level 3. HP: 26/28 MP: 3/5
   924 | D:2      | Reached skill level 1 in Conjurations
  1013 | D:2      | Learned a level 3 spell: Mephitic Cloud
  1326 | D:2      | Reached XP level 4. HP: 36/36 MP: 0/7
  2411 | D:4      | Noticed a phantom
  2448 | D:3      | Killed a phantom
  2448 | D:3      | Reached XP level 5. HP: 25/42 MP: 7/9
  2848 | D:4      | Reached XP level 6. HP: 35/49 MP: 2/11
  2973 | D:4      | Noticed an ogre
  2993 | D:4      | Slain by an ogre

Action                   |  1- 3 |  4- 6 || total
-------------------------+-------+-------++-------
Melee: Unarmed           |   165 |       ||   165
       Whip              |    17 |    31 ||    48
 Cast: Sting             |    46 |    52 ||    98
 Abil: Spit Poison       |    24 |    30 ||    54
  Use: Scroll            |     3 |     1 ||     4
       Potion            |       |     1 ||     1
